Cogmind - Beta 17 @@@ ROGUE MODE // 2026.08.01 @ 15:19:34 Player: 50l Result: Destroyed by Y-45 Defender with Beam Rifle Performance ------------- Evolutions (0) 0 Regions Visited (3) 600 Robots Destroyed (26) 130 Value Destroyed (712) 712 Prototype IDs (0) 0 Alien Tech Used (0) 0 Bonus (0) 0 TOTAL SCORE: 1442 Bonus ------- None Cogmind --------- Core Integrity 0/250 Matter 228/300 Energy 97/100 System Corruption 0% Temperature Cool (15) Movement Flying (37) Location -8/Recycling Parts ------- > --- POWER (1) -------- (None) > --- PROPULSION (2) --- Flight Unit Flight Unit > --- UTILITY (2) ------ (None) > --- WEAPON (2) ------- Subdweller Beam Cannon > --- INVENTORY (5) ---- Humpback Improved Terrain Scanner Hacking Suite Datajack Peak State ------------ > --- POWER ------------ Light Ion Engine > --- PROPULSION ------- Light Treads Subdweller Monowheel > --- UTILITY ---------- Large Storage Unit Structural Scanner > --- WEAPON ----------- Subdweller Beam Cannon Subdweller Machine Gun > --- INVENTORY -------- Wheel Subdweller Monowheel Flight Unit Flight Unit Flight Unit Heat Sink Medium Storage Unit Humpback Improved Terrain Scanner Seismic Detector Hacking Suite Beam Cannon Subdweller Beam Cannon Datajack [Rating: 12] Favorites ----------- Power Light Ion Engine Engine Light Ion Engine Power Core Light Nuclear Core Propulsion Light Treads Treads Light Treads Wheel Subdweller Monowheel Flight Unit Flight Unit Utility Large Storage Unit Device Heat Sink Storage Large Storage Unit Weapon Beam Cannon Energy Gun Medium Laser Energy Cannon Beam Cannon Ballistic Gun Assault Rifle Ballistic Cannon Battle Cannon Build | -11 -10 -10 -8 ------- Run | Yrd Mat Sub Rec Slots Evolved . | . . . . Power . | . . . . Propulsion . | . . . . Utility . | . . . . Weapon . | . . . . Parts Attached 27 | 7 7 13 . Power 3 | 1 1 1 . Engine 2 | 1 . 1 . Core 1 | . 1 . . Reactor . | . . . . Propulsion 7 | 2 . 5 . Treads 3 | 2 . 1 . Leg . | . . . . Wheel 1 | . . 1 . Hover . | . . . . Flight 3 | . . 3 . Utility 7 | 2 3 2 . Device 4 | 1 1 2 . Storage 3 | 1 2 . . Processor . | . . . . Hackware . | . . . . Protection . | . . . . Artifact . | . . . . Weapon 10 | 2 3 5 . Energy Gun 1 | 1 . . . Energy Cannon 5 | . 3 2 . Ballistic Gun 2 | 1 . 1 . Ballistic Cannon 2 | . . 2 . Launcher . | . . . . Special Weapon . | . . . . Impact Weapon . | . . . . Slashing Weapon . | . . . . Piercing Weapon . | . . . . Special Melee Weapon . | . . . . Unidentified Prototypes . | . . . . Parts Lost 7 | . 2 5 . Power 2 | . 1 1 . Propulsion 3 | . . 3 . Utility 1 | . . 1 . Weapon 1 | . 1 . . Highest Loss Streak 2 | . 1 2 . To Critical Strikes . | . . . . Average Backups 9 | 1 12 8 4 Power . | . . . . Propulsion 2 | . 4 2 . Utility 3 | . 4 3 3 Weapon 1 | . 2 1 . Tool/Special . | . . . . Unused Backups 7 | . . 4 3 Power . | . . . . Propulsion 2 | . . 2 . Utility 3 | . . 1 2 Weapon 1 | . . 1 . Tool/Special 1 | . . . 1 Average Slot Usage (%) 84 | . 99 77 42 Engine 9 | . 12 8 . Core 2 | . 1 3 . Treads 15 | . 28 9 . Wheel 1 | . . 2 . Flight 11 | . . 16 28 Device 12 | . 14 11 . Storage 8 | . 14 5 . Energy Gun 1 | . 4 . . Energy Cannon 13 | . 18 11 14 Ballistic Gun 2 | . 4 1 . Ballistic Cannon 4 | . . 6 . Peak Build Rating 12 | 7 10 12 4 Average Rating 8 | 5 8 8 4 On Entrance 5 | . 7 10 4 Avg Prop Armor Cover (%) 12 | . . 12 . Naked Turns . | . . . . Heaviest Build 36 | 15 32 36 8 Greatest Support 40 | 40 40 40 8 Greatest Overweight (x) 1 | . . 1 . Average Overweight (x) . | . . . . Largest Inventory Capacity 15 | 8 15 15 5 Average Capacity 10 | 7 14 9 5 Most Carried 15 | 2 15 15 5 Average Carried 9 | 1 12 8 5 Final Capacity 15 | 8 15 5 5 Final Carried 14 | 2 14 5 5 Class Distribution -------------------- 69% | Mutant 30% | Scavenger-Mutant Dominant Class ---------------- Mutant | -10/Materials Mutant | -10/Subcaves Mutant | -8/Recycling Resources | -11 -10 -10 -8 ----------- Run | Yrd Mat Sub Rec Matter Collected 595 | 285 104 206 . Remotely . | . . . . Salvage Created 902 | 74 572 256 . Parts 50 | 3 35 12 . Haulers Intercepted 2 | . 2 . . Recyclers Shooed . | . . . . Parts Field Recycled . | . . . . Retrieved Matter . | . . . . Parts Self-Destructed 7 | . . 7 . Prevented . | . . . . Parts Restored . | . . . . Kills | -11 -10 -10 -8 ------- Run | Yrd Mat Sub Rec Combat Hostiles Destroyed 19 | . 13 6 . Guns 3 | . 3 . . Cannons 15 | . 9 6 . Classes Destroyed 8 | 2 5 1 . Tunneler 1 | 1 . . . Hauler 2 | . 2 . . Recycler 1 | 1 . . . Operator 1 | . 1 . . Watcher 2 | . 2 . . Swarmer 3 | . 3 . . Grunt 12 | . 10 2 . Subdweller 4 | . . 4 . Best Kill Streak 4 | 2 4 2 . Combat Bots Only 3 | . 3 2 . Max Kills in Single Turn 1 | 1 1 1 . Gunslinging . | . . . . Exploded . | . . . . Melee . | . . . . Uniques/NPCs Destroyed . | . . . . Combat | -11 -10 -10 -8 -------- Run | Yrd Mat Sub Rec Hostile Shots Fired 102 | . 65 36 1 Missed 27 | . 19 8 . Hits 75 | . 46 28 1 Projectile 75 | . 46 28 1 Damage Taken 1145 | . 545 586 14 Core 260 | . 149 97 14 Absorbed by Shields . | . . . . Core Remaining (%) 100 | 100 . . . Volleys Fired 100 | 5 45 50 . Largest 2 | 2 2 2 . Hottest 120 | 70 120 120 . Shots Fired 177 | 10 90 77 . Gun 36 | 10 20 6 . Cannon 141 | . 70 71 . Launcher . | . . . . Special . | . . . . Kinetic 33 | 5 8 20 . Thermal 144 | 5 82 57 . Explosive . | . . . . Electromagnetic . | . . . . Robot Hit Streak 18 | 5 15 18 . Robot Miss Streak 4 | 1 4 2 . Penetration Max . | . . . . Secondary Targets . | . . . . Shots Hit Robots 96 | 8 60 28 . Core Hits 34 | 3 21 10 . Critical Kills 3 | . 3 . . Critical Parts Destroyed . | . . . . Critical Strikes 6 | 1 5 . . Burn 3 | 1 2 . . Meltdown 2 | . 2 . . Destroy 1 | . 1 . . Melee Attacks . | . . . . Impact . | . . . . Slashing . | . . . . Piercing . | . . . . Sneak Attacks . | . . . . Combat Hostiles . | . . . . Follow-up Attacks . | . . . . Damage Inflicted 1610 | 108 1006 496 . Guns 269 | 108 161 . . Cannons 1339 | . 845 494 . Explosions . | . . . . Melee . | . . . . Ramming 2 | . . 2 . Kinetic 106 | 44 62 . . Thermal 1502 | 64 944 494 . Explosive . | . . . . Electromagnetic . | . . . . Impact . | . . . . Slashing . | . . . . Piercing . | . . . . Highest Corruption . | . . . . Average Corruption . | . . . . Corruption Purged . | . . . . Corruption Blocked . | . . . . Overload Shots . | . . . . Overflow Damage 6 | . 6 . . Projectiles 6 | . 6 . . Explosions . | . . . . Melee . | . . . . Knockbacks . | . . . . Impact . | . . . . Kinetic . | . . . . Secondary . | . . . . Self-Inflicted Damage 1 | . . 1 . Shots . | . . . . Rammed 1 | . . 1 . Targets Rammed 1 | . . 1 . Kicked . | . . . . Crushed . | . . . . Highest Temperature 343 | 45 343 1 . Average Temperature 92 | 23 100 1 . Received Heat Transfer 348 | . 270 69 9 Effects 5 | . 5 . . Energy Bleed 3 | . 3 . . Interference 2 | . 2 . . Siege Activations . | . . . . Martial Activations . | . . . . Shielding Activations . | . . . . Robots Disrupted . | . . . . Combat Hostiles . | . . . . Robots Corrupted . | . . . . Combat Hostiles . | . . . . Parts Fried . | . . . . Impact Corruptions . | . . . . Robots Melted 2 | . 2 . . Combat Hostiles 1 | . 1 . . Parts Melted 9 | 1 5 3 . Heat Transferred 3515 | 259 2220 1036 . Parts Sabotaged . | . . . . Parts Stolen . | . . . . Parts Stripped . | . . . . Power Chain Reactions . | . . . . Alert | -11 -10 -10 -8 ------- Run | Yrd Mat Sub Rec Maximum Alert Level . | . . . . Low Security (%) 100 | 100 100 . 100 Level 1 . | . . . . Level 2 . | . . . . Level 3 . | . . . . Level 4 . | . . . . Level 5 . | . . . . High Security . | . . . . Max Security . | . . . . Peak Influence 165 | 10 165 . 7 Initial 7 | . . . 7 Average 62 | 1 67 . 7 Influence Increases 530 | 10 455 65 . Destroy 0b10 Robot/C 300 | . 260 40 . Destroy 0b10 Robot/NC 35 | 10 25 . . Destroy Leader 68 | . 58 10 . Successful Hack 5 | . 5 . . Select Force Hacks 60 | . 60 . . Disable Machine 15 | . 15 . . Destroy Structure 2 | . 2 . . Lose Combat Pursuer 45 | . 30 15 . Influence Decreases 523 | 10 418 87 8 Entered New Map 26 | . . 18 8 Time Decay 477 | 10 398 69 . Lost Part 20 | . 20 . . Squads Dispatched 4 | . 4 . . Investigation 2 | . 2 . . Extermination . | . . . . Reinforcement 2 | . 2 . . Assault . | . . . . Garrison . | . . . . Intercept . | . . . . Searches Triggered . | . . . . Construction Impeded . | . . . . Haulers Reinforced . | . . . . Active Scanning Responses . | . . . . Cargo Convoy Interrupts . | . . . . Stealth | -11 -10 -10 -8 --------- Run | Yrd Mat Sub Rec Distress Signals 2 | . 2 . . Communications Jammed . | . . . . Distress Signals . | . . . . Times Spotted 34 | . 20 13 1 Peak Tracking Total 6 | . 3 6 . Tactical Retreats 5 | . 2 3 . Traps | -11 -10 -10 -8 ------- Run | Yrd Mat Sub Rec Traps Triggered . | . . . . Indirectly . | . . . . Trap Hack Attempts . | . . . . Triggered . | . . . . Disarmed . | . . . . Reprogrammed . | . . . . Reused . | . . . . Traps Extracted . | . . . . Installed . | . . . . Triggered . | . . . . Machines | -11 -10 -10 -8 ---------- Run | Yrd Mat Sub Rec Machines Disabled 1 | . 1 . . Max in Single Turn 1 | . 1 . . Machines Repaired . | . . . . Machines Dismantled . | . . . . Machines Sabotaged . | . . . . Overloaded Fab Kills . | . . . . Hacking | -11 -10 -10 -8 --------- Run | Yrd Mat Sub Rec Machines Accessed 8 | . 8 . . Terminals 6 | . 6 . . Fabricators . | . . . . Repair Stations . | . . . . Recycling Units 2 | . 2 . . Scanalyzers . | . . . . Garrison Access . | . . . . Total Hacks 26 | . 26 . . Successful 14 | . 14 . . Failed 12 | . 12 . . Catastrophic . | . . . . Database Lockouts . | . . . . Manual 26 | . 26 . . Terminals 23 | . 23 . . Fabricators . | . . . . Repair Stations . | . . . . Recycling Units 3 | . 3 . . Scanalyzers . | . . . . Garrison Access . | . . . . Terminal Hacks 1 | . 1 . . Robot Analysis 1 | . 1 . . Fabricator Hacks . | . . . . Repair Station Hacks . | . . . . Recycling Unit Hacks . | . . . . Scanalyzer . | . . . . Garrison Access Hacks . | . . . . Unauthorized Hacks 13 | . 13 . . Terminals 11 | . 11 . . Botnet 6 | . 6 . . Skim 5 | . 5 . . Fabricators . | . . . . Repair Stations . | . . . . Recycling Units 2 | . 2 . . Tunnel 2 | . 2 . . Scanalyzers . | . . . . Garrison Access . | . . . . Data Cores Recovered . | . . . . Used . | . . . . Hacking Detections 6 | . 6 . . Full Trace Events . | . . . . Feedback Events . | . . . . Feedback Blocked . | . . . . Robot Schematics Acquired . | . . . . Robots Built . | . . . . Authchips . | . . . . Time . | . . . . Total Robot Build Rating . | . . . . Part Schematics Acquired . | . . . . Parts Built . | . . . . Authchips . | . . . . Time . | . . . . Total Part Build Rating . | . . . . Part Studies Acquired . | . . . . Parts Repaired . | . . . . Time . | . . . . Parts Recycled . | . . . . Recycled Matter . | . . . . Retrieved Matter . | . . . . Retrieved Components . | . . . . Parts Scanalyzed . | . . . . Part Schematics Acquired . | . . . . Parts Damaged . | . . . . Bothacking | -11 -10 -10 -8 ------------ Run | Yrd Mat Sub Rec Used RIF Installer . | . . . . Robots Hacked . | . . . . Non-combat . | . . . . Combat . | . . . . Robot Hacks Applied . | . . . . Relay Couplers Released . | . . . . Fabnet Peak Effective % . | . . . . Robots Rewired . | . . . . Allies Hacked . | . . . . Hacks Repelled . | . . . . Allies | -11 -10 -10 -8 -------- Run | Yrd Mat Sub Rec Total Allies . | . . . . Largest Group . | . . . . Highest-Rated Group . | . . . . Highest-Rated Ally . | . . . . Total Orders . | . . . . Ally Attacks . | . . . . Total Damage . | . . . . Kills . | . . . . Allies Corrupted . | . . . . Allies Melted . | . . . . Intel | -11 -10 -10 -8 ------- Run | Yrd Mat Sub Rec Active Infowar (turns) 1958 | 14 445 1499 . Terrain 1088 | . . 1088 . Structural 272 | . . 272 . Seismic 598 | 14 445 139 . Robot Analysis Total 1 | . 1 . . Derelict Logs Recovered 1 | . . 1 . Drone Launches . | . . . . Drone Recoveries . | . . . . Exploration | -11 -10 -10 -8 ------------- Run | Yrd Mat Sub Rec Turns Passed 4115 | 87 1361 2648 19 Spaces Moved 2447 | 42 685 1668 52 Core 6 | 6 . . . Treads 1093 | 36 685 372 . Legs . | . . . . Wheels 232 | . . 232 . Hover . | . . . . Flight 1116 | . . 1064 52 Fastest Speed 37 | 50 160 37 37 Average Speed 99 | 144 160 76 37 Slowest Speed 240 | 160 160 240 37 Overloaded Moves . | . . . . Propulsion Burnouts . | . . . . Robots Hopped 2 | . . 2 . Potential Cave-ins . | . . . . Cave-ins Triggered . | . . . . Exploration Rate (%) 44 | 3 98 66 9 Regions Visited 3 Branch Regions 2 Pre-discovered Areas 3 | . 2 1 . Known Exits Taken . | . . . . Unknown Exits Taken 3 | 1 1 1 . Scrap Searched 4 | . . 4 . Spaces Dug 1 | . . 1 . Terrain Destroyed 1 | . . 1 . Melee . | . . . . Projectile 1 | . . 1 . AOE . | . . . . Terrain Rammed . | . . . . Walls Destroyed . | . . . . Machines Disabled . | . . . . Actions | -11 -10 -10 -8 --------- Run | Yrd Mat Sub Rec Total 3935 | 55 858 2970 52 Wait 1309 | . 106 1203 . Move 2441 | 41 684 1664 52 Hop 2 | . . 2 . Pick Up 21 | 2 13 6 . Fast Attach 15 | 7 1 7 . Attach 8 | . 2 6 . Detach 1 | . . 1 . Swap 14 | . 5 9 . Drop 24 | . 2 22 . Fire 100 | 5 45 50 . Melee . | . . . . Ram . | . . . . Kick . | . . . . Crush . | . . . . Escape Stasis . | . . . . Rewire . | . . . . Trap . | . . . . Miscellaneous . | . . . . Route ------- -11/Scrapyard -10/Materials (discovered 5 exits: [*Mat x3] / [*Min] / [*Sub]) -10/Subcaves (discovered 3 exits: *Mat x2 / [*Rec]) -8/Recycling (discovered 1 exit: Scr) History --------- Turn | Location | Event 4 | -11/Scrapyard | Discovered new exit (range 14) 88 | -11/Scrapyard | Entered Materials 178 | -10/Materials | Discovered new exit (range 15) 314 | -10/Materials | Build established: Mutant 588 | -10/Materials | Derelicts attacked the area 764 | -10/Materials | Discovered new exit (range 7) 793 | -10/Materials | Core integrity fell below 50% 893 | -10/Materials | Discovered new exit (range 16) 1080 | -10/Materials | Discovered new exit (range 14) 1135 | -10/Materials | Learned Storage machine intel 1156 | -10/Materials | Discovered new exit (range 9) 1179 | -10/Materials | Learned 4 Recycling zone layouts 1214 | -10/Materials | Learned location of 2 exits from Materials 1237 | -10/Materials | Learned location of 1 exit from Recycling 1248 | -10/Materials | Learned location of 1 exit from Storage 1269 | -10/Materials | Learned Storage stockpile data 1449 | -10/Materials | Entered Subcaves 1450 | -10/Subcaves | Approached by a straggling Scientist 1450 | -10/Subcaves | Identified exit to Materials 1468 | -10/Subcaves | Learned location of Zion (-6) 1468 | -10/Subcaves | Met a Zionite searching for "candidates" 2099 | -10/Subcaves | Ambushed by Subdwellers from Twisted Machinery 2113 | -10/Subcaves | Core integrity fell below 20% 2592 | -10/Subcaves | Learned Materials terminal intel 2627 | -10/Subcaves | Shifting Twisted Machinery released Mak. Thermal Plating 3286 | -10/Subcaves | Build established: Scavenger-Mutant 4081 | -10/Subcaves | Discovered new exit (range 3) 4097 | -10/Subcaves | Entered Recycling 4098 | -8/Recycling | Identified exit to Scraptown 4116 | -8/Recycling | Destroyed by Y-45 Defender with Beam Rifle Last Messages --------------- 02974_ Acquired Sub. Beam Cannon. 02975_ Subatomizers dissect the Sub. Monowheel. 02976_ Dropped Battle Cannon. 02977_ Acquired Imp. Terrain Scanner. 02978_ Acquired 45 matter. 02980_ Acquired Lgt. Ion Engine. 03174_ Subatomizers dissect the Broken Sub. Beam Cannon. 03601_ Subatomizers dissect the Broken Sub. Beam Cannon, destroying it. 04081_ EXIT=FOUND 04090_ Dropped Battle Cannon. 04092_ Dropped Lgt. Ion Engine. 04095_ S-10 Pest springs to life. 04097_ Slammed into S-10 Pest. LOCATION=UNKNOWN GOAL=ESCAPE Loading 1 Recycling exit... Loading 4 Recycling zones... 04116_ Y-45 Defender springs to life. Map ----- +----------------------------------------------------+ | ?????????????????????????# # | | ?????????????????????????### """" | | ?????????????????????????### """" | | ????????????????????????? """" | | ????????????????????????? | | ????????????????????????? | | ?????????????????????????#+######## | | ????????????????????????? ##?? | | ????????????????????????? #?? | | ????????????????????????? ##?? | | ???????? ???????????????????????? | | ???????# ???????????????????????? | | ???????# ???????????????????????? | | ???????# ???????????????????????? | | ???????# ???????????????????????? | | ???????# ???????????????????????? | | ???????# ???????????????????????? | | ???????# #??????????????????????? | | ???????# #??????????????????????? | | ???????# #??????????????????????? | | ???????# #??????????????????????? | | ???????# #??????????????????????? | | ???????# #??????????????????????? | | ???????# ###????????????????????? | | ??????## //#????????????????????? | | ??????#Y @ /#????????????????????? | | ??????## //#????????????????????? | | ???????# ###????????????????????? | | ???????# #??????????????????????? | | ???????# #??????????????????????? | | ???????# #??????????????????????? | | ???????# #??????????????????????? | | ???????# ###########????????????? | | ?????### # #????????????? | | ?????#! # #????????????? | | ?????#!! # #????????????? | | ?????#!! # #????????????? | | ?????### + #????????????? | | ???????# # #????????????? | | ???????# # #????????????? | | ???????# # #????????????? | | ???????# ######### #????????????? | | ???????# #???????###????????????? | | ???????#####??????????????????????? | | ??????????????????????????????????? | | ??????????????????????????????????? | | ??????????????????????????????????? | | ??????????????????????????????????? | | ??????????????????????????????????? | | ??????????????????????????????????? | +----------------------------------------------------+ Best States ------------- Heat Dissipation 35 Energy Generation 14 Energy Capacity 250 Matter Stores 300 Matter Capacity 300 Sight Range 16 Terrain Scan Range 16 Terrain Scan Density 10 Evasion (%) 62 Recoil Reduction 2 Item Schematics ----------------- None Robot Schematics ------------------ None Fabricated ------------ Nothing Repaired ---------- Nothing Studied --------- None Alien Tech Used ----------------- None Achievements -------------- None Challenges ------------ None Game ------ Seed SignalSigixCyclogen Manual? 0 Play Time 00:28:31 Cumulative 371.5 hours Start 2026.08.01 @ 14:51:14 End 2026.08.01 @ 15:19:34 Sessions 1 Manual Loads 0 Difficulty Rogue Special Mode None Game No. 219 Rogue 145 Adventurer 74 Explorer 0 Win Type - Total 18 Types 15/0/0/3/0/0/0/0/0/0 Lore% 75 Gallery% 68 Achievement% 54 Wizard Run 0 Options --------- Layout 2 ASCII 0 Keyboard 0 Movement Mouse Keybinds 0 Fullscreen 1 Font 32/SmallcapsGlow Map View 50x44 Zoom Use 0% Tactical HUD 1 Map Filters NONE Filters NONE Steam 1 RUN: 758395fa-0e22-4b34-8933-02203464177b